Map: Miner Evacuation

Players

monk

  • Race: Zerg Zerg

sTkmonk

  • Race: Terran Terran
  • Spawn Location: 7:00

VOD

Have the link to the VOD?

Description

Time

  • Played on: July 26, 2017, 11:39 a.m.
  • Length: 20:26
Show
View Real Time Build Order
Export as new Build Order

monk Zerg 

Build Orders:  

Get SALT Encoding   

  12  0:03  Infested SCV  
  13  0:13  Infested SCV  
  14  0:21  Infested SCV  
  15  0:34  Overlord  
  15  0:43  Infested Refinery  
  15  0:59  Infested SCV x2  
  17  1:04  Infested Refinery  
  17  1:05  Infested SCV  
  18  1:25  Infested SCV  
  19  1:39  Overlord  
  19  1:53  Infested Colonist Compound, Infested SCV  
  20  2:02  Infested Barracks  
  20  2:05  Anaerobic Enhancement  
  20  2:09  Infested SCV  
  21  2:29  Infested SCV  
  22  2:41  Infested SCV  
  23  2:57  Infested SCV  
  24  3:05  Infestation Level 1  
  24  3:37  Infested Bunker  
  28  3:49  Infested SCV  
  29  3:50  Infested SCV  
  30  4:03  Infested SCV  
  30  4:06  Overlord  
  31  4:14  Infested Engineering Bay  
  31  4:33  Infested SCV x2  
  33  4:51  Stukov Infantry Weapons Level 1  
  33  5:05  Broodling Gestation  
  33  5:18  Infested Command Center  
  33  5:19  Infested Bunker  
  37  6:04  Infested Bunker  
  37  6:32  Infested Factory  
  37  6:35  Infestation Level 2  
  37  7:00  Infested Barracks Tech Lab  
  37  7:02  Infested SCV  
  37  7:08  Infested Bunker  
  38  7:22  Infested SCV x2  
  38  7:23  Infested SCV x2  
  38  7:25  Infested SCV  
  43  7:32  Infested Command Center  
  43  7:44  Stukov Infantry Weapons Level 2  
  43  7:50  Infested Armory  
  43  7:51  Infested Engineering Bay  
  43  7:58  Infested SCV x3  
  46  8:02  Infested SCV x2  
  46  8:06  Infested SCV  
  49  8:13  Infested SCV x2  
  49  8:14  Infested Bunker  
  51  8:23  Infested SCV  
  51  8:27  Overlord  
  52  8:44  Infested Bunker  
  52  8:50  Regenerative Plating  
  52  8:55  Infested Refinery  
  52  9:02  Infested Refinery  
  52  9:04  Stukov Vehicle and Ship Weapons Level 1  
  52  9:09  Infestation Level 3  
  52  9:10  Plagued Munitions  
  52  9:12  Infested SCV  
  52  9:19  Aggressive Incubation  
  53  9:36  Infested SCV  
  53  9:38  Infested Bunker  
  58  9:47  Infested Starport  
  58  9:52  Infested SCV  
  58  9:53  Infested SCV x3  
  62  10:02  Overlord  
  62  10:04  Calcified Armor  
  62  10:25  Infested Bunker  
  62  10:30  Overlord  
  62  10:38  Infested Bunker  
  66  10:40  Retinal Augmentation  
  66  10:52  Infested SCV x2  
  66  10:53  Infested SCV  
  66  10:55  Overlord  
  66  10:56  Stukov Infantry Weapons Level 3  
  69  11:06  Infested Bunker  
  77  11:20  Infested Bunker x2  
  77  11:24  Overseer  
  77  11:27  Pneumatized Carapace  
  77  11:43  Infested Bunker  
  77  11:44  Infested Bunker, Infested SCV x2  
  83  11:50  Stukov Vehicle and Ship Weapons Level 2  
  83  11:53  Infested Factory  
  83  11:54  Infested Factory Tech Lab  
  83  11:55  Acidic Enzymes  
  83  12:45  Overlord x2  
  83  12:46  Overlord  
  83  12:49  Overlord  
  83  13:01  Infested Bunker  
  83  13:02  Infested Bunker  
  83  13:05  Infested Bunker  
  83  13:07  Infested Bunker  
  83  13:14  Infested Bunker  
  83  13:15  Overlord  
  83  13:16  Infested Siege Tank  
  83  13:17  Infested Bunker  
  83  13:18  Infested Siege Tank  
  101  13:25  Automated Mitosis  
  101  13:35  Infested Bunker  
  101  13:38  Infested Bunker  
  101  13:39  Infested Bunker  
  101  13:51  Infested Siege Tank x3  
  101  13:58  Overseer  
  110  14:01  Infested Bunker  
  110  14:22  Infested Bunker  
  110  14:23  Infested Siege Tank  
  110  14:24  Infested Siege Tank  
  120  14:34  Overseer  
  120  14:52  Infested Siege Tank x2  
  122  15:20  Infested Bunker  
  122  15:23  Overlord x2  
  122  15:24  Overlord  
  122  15:25  Overlord  
  122  15:42  Overseer  
  122  15:56  Infested Bunker  
  118  16:16  Infested Bunker  
  118  16:17  Infested SCV  
  118  16:18  Infested Bunker, Infested SCV x3  
  131  16:23  Infested Siege Tank  
  131  16:24  Infested Siege Tank  
  131  16:43  Infested Bunker  
  131  16:44  Infested Bunker  
  131  16:48  Infested Bunker  
  131  16:51  Infested Bunker  
  131  16:52  Infested Bunker  
  131  16:54  Infested Siege Tank x3  
  131  16:55  Infested Siege Tank  
  131  16:57  Infested Bunker  
  143  17:02  Infested Barracks  
  143  17:04  Infested Bunker  
  143  17:16  Overseer  
  143  17:17  Overseer  
  143  17:21  Overlord x2  
  143  17:23  Infested Siege Tank  
  143  17:24  Infested Bunker  
  146  17:31  Infested Bunker  
  146  17:50  Infested Bunker  
  146  17:51  Infested Bunker  
  146  17:52  Infested Siege Tank x2  
  137  18:27  Infested Siege Tank x2  
  133  18:44  Infested Siege Tank  
  113  19:09  Infested Siege Tank  
Show
View Real Time Build Order
Export as new Build Order

sTkmonk Terran 

Build Orders:  

Get SALT Encoding   

Tags
 
Add a new tag
Caveats
  • Supply blocks, unpowered buildings, or Contaminate may cause inaccurate times.
  • Supply counts are checked every 10 seconds.